 Dungeon Crawl Stone Soup version 0.30.1-3-gfc49f6343a (webtiles) character file.

Game seed: 14344074981922194542

163 shmup the Firebug (level 5, 0/28 HPs)
             Began as a Tengu Fire Elementalist on Aug 3, 2023.
             Was an Initiate of Vehumet.
             Slain by a gnoll
             ... wielding a +0 spear
              (5 damage)
             ... on level 5 of the Dungeon.
             The game lasted 00:04:40 (4589 turns).

shmup the Firebug (Tengu Fire Elementalist)         Turns: 4589, Time: 00:04:41

Health: 0/28       AC:  2    Str:  9    XL:     5   Next: 44%
Magic:  2/9        EV: 14    Int: 17    God:    Vehumet [......]
Gold:   212        SH:  0    Dex: 14    Spells: 5/8 levels left

rFire   . . .        c - +0 dagger
rCold   . . .        (no shield)
rNeg    . . .        a - +0 robe
rPois   .            (helmet restricted)
rElec   .            (no cloak)
rCorr   .            (no gloves)
SInv    .            (boots unavailable)
Will    .....        (no amulet)
Stlth   ++           (no ring)
HPRegen 0.24/turn    (no ring)
MPRegen 0.11/turn

%: no passive effects
@: flying quickly and evasively, quick
A: beak, talons 3, nimble flight
a: Renounce Religion


You were on level 5 of the Dungeon.
You worshipped Vehumet.
Vehumet was noncommittal.
You visited 2 branches of the dungeon, and saw 6 of its levels.

You collected 231 gold pieces.
You spent 19 gold pieces at shops.

Inventory:

Hand Weapons
 c - a +0 dagger (weapon)
Missiles
 e - 44 stones (quivered)
 l - 5 poisoned darts
 r - 4 curare-tipped darts
 t - 4 boomerangs
Armour
 a - a +0 robe (worn)
Scrolls
 f - a scroll of amnesia
 h - a scroll of teleportation
 i - a scroll of blinking {unknown}
 o - a scroll of identify
 q - a scroll of silence {unknown}
 u - a scroll of magic mapping {unknown}
 v - a scroll of enchant weapon {unknown}
 w - a scroll of brand weapon {unknown}
Potions
 b - a potion of magic
 d - a potion of mutation
 g - 4 potions of curing
 j - a potion of lignification {unknown}
 k - a potion of haste {unknown}
 m - 2 potions of flight
 n - a potion of brilliance {unknown}
 p - 3 potions of might
 s - a potion of degeneration {unknown}


   Skills:
 - Level 2.1 Dodging
 - Level 2.0 Stealth
 - Level 2.0 Spellcasting
 + Level 3.9 Conjurations
 * Level 5.7 Fire Magic


You had 5 spell levels left.
You knew the following spells:

 Your Spells              Type           Power      Damage    Failure   Level
a - Foxfire               Conj/Fire      72%        2x1d7     2%          1
b - Scorch                Fire           42%        2d7       2%          2

Your spell library contained the following spells:

 Spells                   Type           Power      Damage    Failure   Level
 Magic Dart               Conj           60%        1d6       3%          1
 Searing Ray              Conj           30%        2d5       6%          2
 Inner Flame              Hex/Fire       11%        N/A       19%         3
 Volatile Blastmotes      Fire/Tloc      22%        2d11      19%         3
 Flame Wave               Conj/Fire      18%        2d7       26%         4
 Fulminant Prism          Conj/Hex       4%         3d5       65%         4
 Yara's Violent Unravell  Hex/Tmut       0%         3d3       99%         5
 Enfeeble                 Hex            0%         N/A       100%        7


Dungeon Overview and Level Annotations

Branches:
Dungeon (5/15) Zot: 25529  Temple (1/1) D:4 Zot: 5938

Altars:
Ashenzari
Cheibriados
Dithmenos
Gozag
Hepliaklqana
Kikubaaqudgha
Makhleb
Nemelex Xobeh
Qazlal
Ru
Trog
Uskayaw
Vehumet
Wu Jian
Yredelemnul
Zin
The Shining One

Shops:
D:2 (   D:5 *


Innate Abilities, Weirdness & Mutations

You have a beak for a mouth.
You have claws for feet.
Your magical nature lets you fly swiftly and evasively.


Message History

The gnoll shouts!
The foxfire hits the gnoll.
The gnoll is severely wounded.
The foxfire hits the gnoll!
You kill the gnoll!
Vehumet accepts your kill.
Casting: Foxfire (safe; 2% risk of failure)
Confirm with . or Enter, or press ? or * to list all spells.
Flames lash the gnoll.
The gnoll is heavily wounded.
The gnoll's fire resistance burns away.
The gnoll hits you from afar with a +0 spear!
* * * LOW HITPOINT WARNING * * *
The gnoll throws a throwing net.
The throwing net hits you.
You become entangled in the net!
You see here a throwing net.
You tear a large gash into the net.
Casting: Scorch (safe; 2% risk of failure)
Confirm with . or Enter, or press ? or * to list all spells.
Flames lash the gnoll.
The gnoll is heavily wounded.
The gnoll's fire resistance burns away.
The gnoll is no longer more vulnerable to fire.
The gnoll hits you from afar with a +0 spear.
* * * LOW HITPOINT WARNING * * *
Okay, then.
Okay, then.
Okay, then.
Casting: Scorch (safe; 2% risk of failure)
Confirm with . or Enter, or press ? or * to list all spells.
Flames lash the gnoll.
The gnoll is severely wounded.
The gnoll's fire resistance burns away.
The gnoll hits you from afar with a +0 spear.
* * * LOW HITPOINT WARNING * * *
The gnoll hits you from afar with a +0 spear!
* * * LOW HITPOINT WARNING * * *
You shred the net and break free!
The gnoll hits you from afar with a +0 spear.
You die...

....................▒▒▒
.............▒........▒▒▒
..............<..........
.....▒...........)....▒▒
.....▒................▒▒
.....▒.................▒
.....▒.▒▒▒▒▒▒▒.........▒
▒▒............▒
........Q......▒
...............▒
.......gg.(....▒
++▒......).▒▒▒▒▒
..........▒ ...........▒
............ ............
....▒......


You could see 2 gnolls.

Vanquished Creatures
  A scorpion (D:4)
  2 gnolls
  A worm (D:4)
  3 dart slugs
  An orc (D:5)
  5 ball pythons
  5 bats
  12 endoplasms
  5 giant cockroaches
  6 goblins
  7 hobgoblins
  2 jackals (D:1)
  3 quokkas
  2 frilled lizards
  9 kobolds
  6 rats
70 creatures vanquished.

Vanquished Creatures (others)
  230 foxfires
230 creatures vanquished.

Grand Total: 300 creatures vanquished

Notes
Turn   | Place    | Note
-------+----------+-------------------------------------------
     0 | D:1      | shmup the Tengu Fire Elementalist began the quest for the
                  | Orb.
     0 | D:1      | Reached XP level 1. HP: 10/10 MP: 4/4
   204 | D:1      | Reached XP level 2. HP: 13/15 MP: 0/6
   277 | D:1      | Learned a level 2 spell: Scorch
   557 | D:1      | Reached skill level 4 in Fire Magic
   786 | D:1      | Reached XP level 3. HP: 15/19 MP: 2/7
  1894 | D:2      | Reached XP level 4. HP: 24/24 MP: 6/8
  2615 | D:2      | Found Masealen's Antique Weapon Boutique.
  2967 | D:3      | Reached skill level 5 in Fire Magic
  3468 | D:4      | Noticed a scorpion
  3704 | D:4      | Found an opulent altar of Gozag.
  3728 | D:4      | Killed a scorpion
  3729 | D:4      | Gained mutation: Your magical nature lets you fly swiftly
                  | and evasively. [Tengu growth]
  3729 | D:4      | Reached XP level 5. HP: 12/28 MP: 2/9
  3952 | D:4      | Found a staircase to the Ecumenical Temple.
  4051 | Temple   | Entered the Ecumenical Temple
  4098 | Temple   | Became a worshipper of Vehumet
  4183 | D:4      | Found a shadowy altar of Dithmenos.
  4544 | D:5      | Entered Level 5 of the Dungeon
  4547 | D:5      | Found Juewisk's Assorted Antiques.
  4555 | D:5      | Bought a scroll labelled BOUSTU VUUT for 19 gold pieces
  4589 | D:5      | Slain by a gnoll

Illustrated notes

Levels and vault maps discovered:
D:1:      nagdon_arrival_double_spiral, layout_basic, minmay_hexomino_p4
D:2:      layout_basic, serial_shops, nicolae_shop_real_fake_doors,
          minmay_hedge_maze
D:3:      layout_basic, dreamdust_princess_bridge
D:4:      layout_loops_ring, nicolae_dithmenos_through_a_glass_darkly,
          mainiacjoe_overflow_tiny_flanked, minmay_temple_entry_trees
D:5:      layout_basic, led_xom_imps, serial_shops,
          nicolae_shop_overgrown_old_shop, minivault_5, hangedman_decor_growths,
          nicolae_shop_overcharged_wands, uniq_blork_the_orc
Temple:   hellmonk_temple_of_storms

Skill      XL: |  1  2  3  4 |
---------------+-------------+-----
Conjurations   | 2 3 |  3.9
Fire Magic     | 4 5 |  5.7
Dodging        | |  2.1
Stealth        | |  2.0
Spellcasting   | |  2.0

Action                     |  1- 3 |  4- 6 || total
---------------------------+-------+-------++-------
  Melee: Unarmed           |     5 |       ||     5
         Kick              |     5 |     2 ||     7
         Dagger            |     5 |     4 ||     9
         Peck              |     1 |       ||     1
   Cast: Foxfire           |    82 |    69 ||   151
         Scorch            |     1 |     8 ||     9
    Use: Scroll            |       |     6 ||     6
 Armour: Robe              |     8 |     1 ||     9
  Dodge: Dodged            |    29 |     5 ||    34
